 Dungeon Crawl Stone Soup version 0.31.0-11-ge490571c62 (webtiles) character file.

Game seed: 8442888305675320877

4636 qw the Skirmisher (level 10, -1/59 HPs)
             Began as a Deep Elf Hunter on Feb 4, 2024.
             Was a Believer of Okawaru.
             Incinerated by a deep elf pyromancer (8 damage)
             ... with a pyre arrow
             ... on level 7 of the Dungeon.
             The game lasted 00:00:33 (5653 turns).

qw the Skirmisher (Deep Elf Hunter)                 Turns: 5653, Time: 00:00:34

Health: -1/59      AC: 14    Str: 11    XL:     10   Next: 20%
Magic:  24/24      EV: 22    Int: 14    God:    Okawaru [**....]
Gold:   294        SH:  0    Dex: 26    Spells: 9/9 levels left

rFire   . . .        a - +1 shortbow (drain)
rCold   . . .        (shield currently unavailable)
rNeg    . . .        f - +1 ring mail
rPois   .            k - +2 helmet
rElec   .            (no cloak)
rCorr   .            (no gloves)
SInv    .            (no boots)
Will    +++..        o - amulet "Veuhedaa" {RegenMP Will+}
Stlth   ++           b - ring of the Middle {MP+9 Dex+4}
HPRegen 0.29/turn    p - +4 ring of protection
MPRegen 0.59/turn

%: no passive effects
@: on fire, heroic, glowing
A: talons 1, agile 1, strong-willed 1, MP-powered wands
a: Renounce Religion, Heroism


You were on level 7 of the Dungeon.
You worshipped Okawaru.
Okawaru was pleased with you.
You visited 2 branches of the dungeon, and saw 8 of its levels.

You collected 294 gold pieces.


Innate Abilities, Weirdness & Mutations

You have sharp toenails.
You are agile. (Dex +4, Str/Int -1)
You are strong-willed. (Will+)
You expend magic power (3 MP) to strengthen your wands.


   Skills:
 - Level 5.4(10.4) Fighting
 - Level 14.0(19.0) Ranged Weapons
 - Level 2.0(7.0) Armour
 + Level 9.3(14.3) Dodging
 - Level 1.2(6.2) Stealth
 - Level 4.6 Invocations


You had 9 spell levels left.
You didn't know any spells.
Your spell library was empty.

Inventory:

Hand Weapons
 a - a +1 shortbow of draining (weapon)
Armour
 f - a +1 ring mail (worn)
 k - a +2 helmet (worn)
 n - a +2 robe of fire resistance
 r - +0 acid dragon scales
Jewellery
 b - the ring of the Middle (left hand) {MP+9 Dex+4}
   (You found it on level 2 of the Dungeon)

   [ring of magical power]

   Dex+4:     It affects your dexterity (+4).
   MP+9:      It affects your magic capacity (+9).
 d - an amulet of guardian spirit
 o - the amulet "Veuhedaa" (around neck) {RegenMP Will+}
   (You found it on level 4 of the Dungeon)

   [amulet of magic regeneration]

   RegenMP:   It increases your rate of magic regeneration.
   Will+:     It increases your willpower.
 p - a +4 ring of protection (right hand)
Wands
 j - a wand of digging (2)
Scrolls
 c - 2 scrolls of teleportation
 q - a scroll of identify {unknown}
Potions
 e - 2 potions of mutation
 g - a potion of lignification {unknown}
 i - 5 potions of curing
 l - a potion of might {unknown}
 m - a potion of magic {unknown}

Dungeon Overview and Level Annotations

Branches:
Dungeon (7/15)             Temple (1/1) D:5

Altars:
Ashenzari
Cheibriados
Dithmenos
Elyvilon
Fedhas
Gozag
Hepliaklqana
Kikubaaqudgha
Makhleb
Nemelex Xobeh
Okawaru
Qazlal
Ru
Sif Muna
Trog
Uskayaw
Vehumet
Wu Jian
Xom
Yredelemnul
Zin
The Shining One

Annotations:
D:5 1 runed translucent door, Crazy Yiuf


Message History

The arrow barely misses the deep elf pyromancer.
The arrow hits the cyclops.
The cyclops is lightly wounded.
The liquid fire burns you!
The deep elf pyromancer completely misses you.
You shoot an arrow. The arrow hits the deep elf pyromancer.
The deep elf pyromancer is lightly wounded.
The liquid fire burns you!
You shoot an arrow. The arrow hits the deep elf pyromancer!
The deep elf pyromancer is moderately wounded.
The liquid fire burns you!
The deep elf pyromancer completely misses you.
You shoot an arrow. The arrow hits the deep elf pyromancer.
The deep elf pyromancer is moderately wounded.
The liquid fire burns you!
The deep elf pyromancer points at you and mumbles some strange words.
The pyre arrow hits you.
You are even more covered in intense liquid fire!
You shoot an arrow. The arrow hits the deep elf pyromancer!
The deep elf pyromancer is severely wounded.
The liquid fire burns you!
The deep elf pyromancer hits you but does no damage.
5649 ||| READING 3 scrolls of teleportation.
As you read the scroll of teleportation, it crumbles to dust.
You feel strangely unstable. The liquid fire burns you!
The deep elf pyromancer hits you but does no damage.
5650 ||| DRINKING 2 potions of heal wounds.
You feel much better. The liquid fire burns you!
The deep elf pyromancer misses you.
5651 ||| DRINKING potion of heal wounds.
You feel much better. The liquid fire burns you!
Your surroundings suddenly seem different.
You are on fire!
The liquid fire burns you!
You are on fire!
The liquid fire burns you!
You die...

###### #....#
#.##.# #..#.#
#<.#.#
#######@###
#.........#
#.#####.#.#
#.#.......#.#
#.#.........#
#..#.#.#########
#..#.#........
#..#.#.#######
#..#.#........


There were no monsters in sight!

Vanquished Creatures
  A boulder beetle (D:7)
  Pikel (D:5)
  4 trolls (D:7)
  A slime creature (D:7)
  Eustachio (D:4)
  An acid dragon (D:7)
  An orc warrior (D:7)
  2 sky beasts (D:7)
  A black bear (D:4)
  An ice beast (D:7)
  2 ogres
  2 lemures (D:5)
  A phantom (D:5)
  A kobold brigand (D:7)
  A bullfrog (D:7)
  3 scorpions
  4 wights (D:7)
  5 killer bees (D:5)
  2 howler monkeys (D:7)
  A bombardier beetle (D:5)
  3 orc priests
  3 hounds
  2 gnoll boudas
  A jelly (D:7)
  Jessica (D:3)
  A sleepcap (D:4)
  5 orc wizards
  2 iguanas
  9 gnolls
  6 adders
  2 shadow imps (D:6)
  3 white imps (D:6)
  2 ufetubi (D:7)
  A ribbon worm (D:5)
  3 dart slugs (D:1)
  19 orcs
  3 ball pythons
  5 endoplasms
  5 giant cockroaches
  8 goblins
  3 hobgoblins
  2 kobolds (D:1)
  5 quokkas
  4 bats
  2 frilled lizards
  6 rats
142 creatures vanquished.

Notes
Turn   | Place    | Note
-------+----------+-------------------------------------------
     0 | D:1      | qw the Deep Elf Hunter began the quest for the Orb.
     0 | D:1      | Reached XP level 1. HP: 12/12 MP: 3/3
     0 | D:1      | 0 ||| qw: Version: 0.3-a-160-g6735b56
     0 | D:1      | 0 ||| qw: Game counter: 5431
     0 | D:1      | 0 ||| qw: Melee chars always use a shield: true
     0 | D:1      | 0 ||| qw: God list: Okawaru
     0 | D:1      | 0 ||| qw: Allow faded altars: false
     0 | D:1      | 0 ||| qw: Do Orc after clearing Dungeon:15 true
     0 | D:1      | 0 ||| qw: Do second Lair branch before Depths: true
     0 | D:1      | 0 ||| qw: Lair rune preference: random
     0 | D:1      | 0 ||| qw: Goals: Normal
     0 | D:1      | 0 ||| PLANNING D:1-11
   131 | D:1      | Reached XP level 2. HP: 16/16 MP: 4/4
   143 | D:1      | Reached skill level 6 in Ranged Weapons
   518 | D:1      | Reached XP level 3. HP: 20/20 MP: 5/5
   813 | D:1      | 813 ||| UPGRADING to +0 ring mail.
   823 | D:1      | 823 ||| DROPPING +0 leather armour.
   824 | D:1      | 824 ||| READING 3 scrolls labelled TOOMISA ZATIRE.
   925 | D:1      | 925 ||| READING scroll labelled NEMYOM GUPSEIL.
   928 | D:1      | 928 ||| READING scroll labelled SIOREESHOPOY.
   928 | D:1      | 928 ||| ENCHANTING +0 shortbow.
   929 | D:1      | 929 ||| DRINKING 3 bubbling purple potions.
   929 | D:1      | Gained mutation: You are strong-willed. (Will+) [potion of
                  | mutation]
   929 | D:1      | Gained mutation: You have sharp toenails. [potion of
                  | mutation]
   929 | D:1      | Gained mutation: You are agile. (Dex +4, Str/Int -1)
                  | [potion of mutation]
   929 | D:1      | Gained mutation: You expend magic power (3 MP) to
                  | strengthen your wands. [potion of mutation]
   930 | D:1      | 930 ||| DROPPING scroll of butterflies.
   931 | D:1      | 931 ||| DROPPING 2 scrolls of vulnerability.
   960 | D:2      | Identified the ring of the Middle {MP+9 Dex+4}
  1088 | D:2      | Reached skill level 7 in Ranged Weapons
  1397 | D:2      | 1397 ||| UPGRADING to amulet of guardian spirit.
  1402 | D:2      | 1402 ||| UPGRADING to ring of the Middle {MP+9 Dex+4}.
  1467 | D:2      | 1467 ||| READING scroll labelled LEEHUTH OLOURE.
  1467 | D:2      | 1467 ||| BRANDING +1 shortbow.
  1468 | D:2      | 1468 ||| READING scroll labelled XEARHU CIYRPH.
  1468 | D:2      | 1468 ||| ENCHANTING +0 ring mail.
  1469 | D:2      | 1469 ||| DRINKING 3 fizzy grey potions.
  1696 | D:3      | Reached XP level 4. HP: 12/25 MP: 6/6
  1967 | D:3      | Found a hazy altar of Hepliaklqana.
  2041 | D:3      | Noticed Jessica
  2044 | D:3      | Killed Jessica
  2047 | D:3      | Found a stormy altar of Qazlal.
  2445 | D:3      | Found a shadowy altar of Dithmenos.
  2447 | D:3      | Reached skill level 8 in Ranged Weapons
  2472 | D:3      | Found a broken altar of Ashenzari.
  2482 | D:3      | 2482 ||| DROPPING +0 leather armour of cold resistance.
  2483 | D:3      | 2483 ||| DRINKING 2 fizzy emerald potions.
  2484 | D:3      | 2484 ||| DROPPING potion of attraction.
  2517 | D:4      | 2517 ||| STAIRDANCE
  2521 | D:4      | 2521 ||| STAIRDANCE
  2529 | D:4      | Reached skill level 3 in Dodging
  2594 | D:4      | Reached XP level 5. HP: 27/29 MP: 7/7
  2646 | D:4      | Found a burning altar of Makhleb.
  2705 | D:4      | Noticed Eustachio
  2716 | D:4      | 2716 ||| RETREEEEATING.
  2718 | D:4      | 2718 ||| RETREEEEATING.
  2719 | D:4      | 2719 ||| RETREEEEATING.
  2721 | D:4      | 2721 ||| RETREEEEATING.
  2722 | D:4      | 2722 ||| RETREEEEATING.
  2723 | D:4      | 2723 ||| RETREEEEATING.
  2724 | D:4      | 2724 ||| RETREEEEATING.
  2727 | D:4      | 2727 ||| RETREEEEATING.
  2730 | D:4      | HP: 4/29 [gnoll/+0 halberd[a gnoll bouda] (8)]
  2731 | D:4      | 2731 ||| READING 3 scrolls of teleportation.
  2888 | D:4      | Reached skill level 9 in Ranged Weapons
  2940 | D:4      | Reached XP level 6. HP: 35/35 MP: 8/8
  3001 | D:4      | Identified the amulet "Veuhedaa" {RegenMP Will+}
  3032 | D:4      | 3032 ||| RETREEEEATING.
  3033 | D:4      | 3033 ||| RETREEEEATING.
  3034 | D:4      | 3034 ||| RETREEEEATING.
  3035 | D:4      | 3035 ||| RETREEEEATING.
  3048 | D:4      | Killed Eustachio
  3049 | D:4      | Reached skill level 10 in Ranged Weapons
  3049 | D:4      | Reached XP level 7. HP: 22/40 MP: 9/9
  3268 | D:4      | 3268 ||| FLEEEEING.
  3269 | D:4      | 3269 ||| FLEEEEING.
  3270 | D:4      | 3270 ||| FLEEEEING.
  3271 | D:4      | 3271 ||| FLEEEEING.
  3272 | D:4      | 3272 ||| FLEEEEING.
  3273 | D:4      | 3273 ||| FLEEEEING.
  3274 | D:4      | 3274 ||| FLEEEEING.
  3275 | D:4      | 3275 ||| FLEEEEING.
  3276 | D:4      | 3276 ||| FLEEEEING.
  3367 | D:4      | 3367 ||| UPGRADING to +0 helmet.
  3372 | D:4      | 3372 ||| READING scroll labelled ARIKUI ESABEPS.
  3373 | D:4      | 3373 ||| READING scroll labelled ERHEOS QIUGE.
  3403 | D:5      | Entered Level 5 of the Dungeon
  3549 | D:5      | Reached skill level 11 in Ranged Weapons
  3574 | D:5      | Found a staircase to the Ecumenical Temple.
  3575 | D:5      | 3575 ||| PLANNING TEMPLE
  3581 | D:5      | 3581 ||| DRINKING 2 ruby potions.
  3594 | D:5      | Noticed Pikel
  3595 | D:5      | 3595 ||| RETREEEEATING.
  3596 | D:5      | 3596 ||| RETREEEEATING.
  3597 | D:5      | 3597 ||| RETREEEEATING.
  3598 | D:5      | 3598 ||| RETREEEEATING.
  3599 | D:5      | 3599 ||| RETREEEEATING.
  3600 | D:5      | 3600 ||| RETREEEEATING.
  3601 | D:5      | 3601 ||| RETREEEEATING.
  3604 | D:5      | 3604 ||| RETREEEEATING.
  3605 | D:5      | 3605 ||| RETREEEEATING.
  3608 | D:5      | 3608 ||| RETREEEEATING.
  3609 | D:5      | 3609 ||| RETREEEEATING.
  3610 | D:5      | 3610 ||| RETREEEEATING.
  3612 | D:5      | 3612 ||| RETREEEEATING.
  3613 | D:5      | 3613 ||| RETREEEEATING.
  3623 | D:5      | Reached XP level 8. HP: 44/44 MP: 10/10
  3643 | D:5      | 3643 ||| RETREEEEATING.
  3644 | D:5      | 3644 ||| RETREEEEATING.
  3645 | D:5      | 3645 ||| RETREEEEATING.
  3646 | D:5      | 3646 ||| RETREEEEATING.
  3647 | D:5      | 3647 ||| RETREEEEATING.
  3649 | D:5      | 3649 ||| RETREEEEATING.
  3650 | D:5      | 3650 ||| RETREEEEATING.
  3651 | D:5      | 3651 ||| RETREEEEATING.
  3652 | D:5      | 3652 ||| RETREEEEATING.
  3653 | D:5      | 3653 ||| RETREEEEATING.
  3654 | D:5      | 3654 ||| RETREEEEATING.
  3656 | D:5      | 3656 ||| RETREEEEATING.
  3657 | D:5      | 3657 ||| RETREEEEATING.
  3665 | D:5      | Killed Pikel
  3666 | D:5      | Reached skill level 13 in Ranged Weapons
  3703 | Temple   | Entered the Ecumenical Temple
  3704 | Temple   | 3704 ||| PLANNING OKAWARU WORSHIP
  3713 | Temple   | Became a worshipper of Warmaster Okawaru
  3714 | Temple   | 3714 ||| PLANNING D:1-11
  3714 | Temple   | 3714 ||| REMOVING amulet of guardian spirit.
  3719 | Temple   | 3719 ||| UPGRADING to amulet "Veuhedaa" {RegenMP Will+}.
  3992 | D:5      | 3992 ||| RETREEEEATING.
  4010 | D:5      | Reached skill level 3 in Fighting
  4196 | D:5      | 4196 ||| READING scroll of enchant armour.
  4196 | D:5      | 4196 ||| ENCHANTING +0 helmet.
  4260 | D:5      | Found a runed translucent door.
  4261 | D:5      | Noticed Crazy Yiuf
  4505 | D:5      | 4505 ||| UPGRADING to +4 ring of protection.
  4506 | D:5      | 4506 ||| READING scroll labelled ENEFIKHULA.
  4590 | D:6      | 4590 ||| READING scroll of enchant armour.
  4590 | D:6      | 4590 ||| ENCHANTING +1 helmet.
  4624 | D:6      | Reached skill level 14 in Ranged Weapons
  4643 | D:6      | Reached XP level 9. HP: 50/50 MP: 11/11
  4738 | D:6      | Found a glowing golden altar of the Shining One.
  4984 | D:6      | 4984 ||| READING scroll labelled FYOPRI QIL GIU.
  4985 | D:6      | 4985 ||| READING scroll labelled HUH CATAEGRUKH.
  5147 | D:7      | Reached skill level 6 in Dodging
  5185 | D:7      | 5185 ||| RETREEEEATING.
  5186 | D:7      | 5186 ||| RETREEEEATING.
  5190 | D:7      | 5190 ||| RETREEEEATING.
  5193 | D:7      | 5193 ||| RETREEEEATING.
  5197 | D:7      | 5197 ||| RETREEEEATING.
  5198 | D:7      | 5198 ||| RETREEEEATING.
  5306 | D:7      | Noticed a troll
  5308 | D:7      | 5308 ||| RETREEEEATING.
  5319 | D:7      | Killed a troll
  5319 | D:7      | Reached * piety under Okawaru
  5329 | D:7      | Reached skill level 1 in Invocations
  5431 | D:7      | Noticed a boulder beetle
  5431 | D:7      | Noticed a troll
  5432 | D:7      | 5432 ||| RETREEEEATING.
  5433 | D:7      | 5433 ||| RETREEEEATING.
  5435 | D:7      | 5435 ||| INVOKING Heroism.
  5438 | D:7      | Killed a troll
  5439 | D:7      | Reached skill level 3 in Invocations
  5459 | D:7      | 5459 ||| INVOKING Heroism.
  5463 | D:7      | Killed a boulder beetle
  5463 | D:7      | Reached ** piety under Okawaru
  5464 | D:7      | Reached XP level 10. HP: 37/59 MP: 15/15
  5620 | D:7      | Noticed a deep elf pyromancer
  5622 | D:7      | 5622 ||| RETREEEEATING.
  5625 | D:7      | 5625 ||| INVOKING Heroism.
  5626 | D:7      | 5626 ||| RETREEEEATING.
  5630 | D:7      | 5630 ||| RETREEEEATING.
  5635 | D:7      | Noticed a cyclops
  5641 | D:7      | Reached *** piety under Okawaru
  5642 | D:7      | Reached skill level 9 in Dodging
  5642 | D:7      | 5642 ||| INVOKING Heroism.
  5648 | D:7      | HP: 14/59 [burnt (5)]
  5649 | D:7      | 5649 ||| READING 3 scrolls of teleportation.
  5649 | D:7      | HP: 3/59 [burnt (11)]
  5650 | D:7      | 5650 ||| DRINKING 2 potions of heal wounds.
  5651 | D:7      | 5651 ||| DRINKING potion of heal wounds.
  5653 | D:7      | Incinerated by a deep elf pyromancer

Levels and vault maps discovered:
D:1:      elethiomel_arrival_infinity_welcomes_careful_drivers, layout_basic
D:2:      layout_rooms, minmay_misc_feat_x, serial_bayou_ford_a, corexii_shack
D:3:      layout_loops_corners, worldfamousw_hep_ancestral_shrine,
          nicolae_qazlal_general_emergency, mainiacjoe_overflow_two_lobes,
          uniq_jessica
D:4:      layout_rooms, mainiacjoe_overflow_alcove_4, minmay_misc_feat_rows,
          grunt_ministairs_9, uniq_eustachio
D:5:      layout_basic, minmay_temple_entry_glass, uniq_crazy_yiuf_cottage,
          uniq_pikel
D:6:      layout_cave_pools, tso_oasis_becter
D:7:      layout_basic, reono_crystal_passage, minmay_the_grid_2x2
          [minmay_the_grid_outer_diamond, minmay_the_grid_large_cup,
          minmay_the_grid_garden, minmay_the_grid_prize_shrinking_boxes]
Temple:   compressed_dpeg_triangle_lava_temple

Skill      XL: |  1  2  3  4  5  6  7  8  9 10 |
---------------+-------------------------------+-----
Ranged Weapons | 6 7 8 9 10 11 14 | 14.0
Dodging        | 3 4 5 8 9 |  9.3
Fighting       | 2 3 5 |  5.4
Armour         | 2 |  2.0
Invocations    | 4 |  4.6
Stealth        | |  1.2

Action                     |  1- 3 |  4- 6 |  7- 9 | 10-12 || total
---------------------------+-------+-------+-------+-------++-------
   Fire: Shortbow          |    94 |   118 |   288 |    40 ||   540
 Invoke: Heroism           |       |       |     2 |     2 ||     4
    Use: Scroll            |     5 |     1 |     7 |     1 ||    14
         Potion            |     2 |     1 |     1 |     2 ||     6
 Armour: Leather armour    |     3 |       |       |       ||     3
         Ring mail         |     8 |    28 |    58 |    11 ||   105
  Dodge: Dodged            |    11 |    25 |    75 |    30 ||   141

Table legend:
 A = Non-vault XP
 B = Vault XP
 C = Vault XP percentage of total XP
 D = Non-vault monster count
 E = Vault monster count
 F = Vault count percentage of total count
                 A         B        C        D         E       F
            +---------+---------+-------+---------+---------+-------
      Total |    2440 |    4184 |  63.2 |     117 |      23 |  16.4
            +---------+---------+-------+---------+---------+-------
        D:1 |      45 |       0 |   0.0 |      22 |       0 |   0.0
        D:2 |      41 |       2 |   4.7 |      10 |       1 |   9.1
        D:3 |      27 |      37 |  57.8 |      10 |       1 |   9.1
        D:4 |     497 |     236 |  32.2 |      25 |       3 |  10.7
        D:5 |    1002 |     663 |  39.8 |      24 |       1 |   4.0
        D:6 |     380 |       0 |   0.0 |      16 |       0 |   0.0
        D:7 |     448 |    3246 |  87.9 |      10 |      17 |  63.0
            +---------+---------+-------+---------+---------+-------
